AoeStats
← Morrión

Fortress

509154007Analyzed
2v2 RM · 8d ago on Sep 25, 2026· 46m 3s· 4 players
Game mode
Random Map
Map size
Normal (6 player)
Population
200
Speed
Normal
Resources
Standard
Victory
Conquest
Starting age
Dark Age
Ending age
Imperial Age
RankedLock teamsTeams togetherTeam positionsShared explorationLock speedFull tech treeHidden civsTurbo modeCheats
Victory
Defeat
🇫🇷 Khmer · France
1369
+16
🇪🇸 Mongols · Spain
1330
+18
🇪🇸 Varangians · Spain
1375
-17
🇪🇸 Danes · Spain
1374
-17
Cokacolas
6:41 Feudal Age
9:26 Castle Age
7:31 Double-Bit Axe
7:42 Horse Collar
12:31 Wheelbarrow
12:10 Bow Saw
13:08 Loom
18:26 Town Watch
21:52 Hand Cart
32:24 Imperial Age
32:43 Bloodlines
32:33 Husbandry
31:54 Light Cavalry
33:16 Scale Barding Armor
34:03 Double Crossbow
34:55 Chain Barding Armor
36:20 Plate Barding Armor
35:11 Hussar
36:42 Forging
38:27 Plate Barding Armor
39:33 Iron Casting
41:08 Elite Ballista Elephant
45:16 Blast Furnace
MaverickGG1403
7:55 Feudal Age
11:47 Castle Age
9:38 Double-Bit Axe
9:34 Horse Collar
9:46 Gold Mining
13:46 Bow Saw
19:10 Wheelbarrow
18:23 Town Watch
18:26 Loom
20:07 Fletching
20:50 Stone Mining
20:57 Bodkin Arrow
21:16 Scale Barding Armor
27:40 Imperial Age
25:52 Padded Archer Armor
27:07 Ballistics
28:25 Bracer
29:27 Chemistry
28:50 Conscription
28:37 Thumb Ring
28:58 Parthian Tactics
28:38 Murder Holes
31:49 Husbandry
32:00 Bloodlines
31:33 Elite Mangudai
34:09 Gold Shaft Mining
34:10 Stone Shaft Mining
32:57 Light Cavalry
34:17 Masonry
37:42 Hussar
40:08 Forging
40:18 Chain Barding Armor
42:24 Iron Casting
42:05 Leather Archer Armor
47:30 Blast Furnace
juanca12
7:34 Feudal Age
11:25 Castle Age
9:47 Arson
10:18 Scale Mail Armor
11:24 Double-Bit Axe
11:47 Horse Collar
12:14 Squires
12:33 Chain Mail Armor
17:25 Bow Saw
20:17 Wheelbarrow
21:43 Hand Cart
24:09 Forging
28:51 Iron Casting
28:21 Fletching
28:49 Elite Skirmisher
29:28 Bodkin Arrow
35:28 Imperial Age
34:50 Padded Archer Armor
35:33 Elite Varangian Guard
37:25 Loom
38:44 Heavy Plow
39:31 Iron Casting
40:45 Plate Mail Armor
41:09 Onager
Morrión
7:23 Feudal Age
11:20 Castle Age
9:18 Horse Collar
10:26 Double-Bit Axe
11:31 Scale Barding Armor
13:51 Forging
17:21 Bloodlines
19:46 Loom
20:43 Chain Barding Armor
24:48 Iron Casting
24:50 Heavy Plow
25:42 Wheelbarrow
26:27 Husbandry
28:38 Masonry
29:58 Ballistics
33:19 Imperial Age
30:36 Town Watch
32:29 Fletching
32:38 Murder Holes
33:27 Gold Mining
33:54 Bow Saw
35:13 Plate Barding Armor
35:40 Blast Furnace
36:40 Conscription
36:54 Elite Jarl
42:06 Bodkin Arrow
42:43 Hand Cart
Connection lost

Rejoining the realm…

Still unreachable

The connection could not be restored.

Session expired

The server has moved on; the page needs a fresh start.